 Dungeon Sprint DCSS version 0.17-a0-986-gf45d1aa (webtiles) character file.

588 ahoge the Blocker (level 7, 0/48 HPs)
             Began as a Gargoyle Fighter on May 11, 2015.
             Was a Follower of Okawaru.
             Slain by a tengu warrior
             ... wielding a +1 long sword of slicing
              (1 damage)
             ... in the Dungeon (Sprint IX: "|||||||||||||||||||||||||||||").
             The game lasted 00:04:13 (452 turns).

ahoge the Blocker (Gargoyle Fighter)                 Turns: 452, Time: 00:04:13

Health: 0/48       AC: 25    Str: 25    XL:     7   Next: 38%
Magic:  7/7        EV: 15    Int: 11    God:    Okawaru [*.....]
Gold:   0          SH:  0    Dex: 14    Spells: 0 memorised, 6 levels left

rFire  . . .     SeeInvis .     q - +2 dire flail (protect)
rCold  . . .     Clarity  .     s - +1 chain mail
rNeg   + . .     SustAb   .     (no shield)
rPois  ∞         Gourm    .     r - +0 helmet
rElec  +         Spirit   .     (no cloak)
rCorr  .         Warding  .     (no gloves)
rMut   .         NoTele   +     (no boots)
MR     .....                    (no amulet)
Stlth  ..........               t - +3 ring of intelligence
                                b - +3 ring of dexterity

@: mighty, heroism, not resistant to hostile enchantments, extremely unstealthy
A: negative energy resistance 1, electricity resistance, unbreathing,
petrification resistance, rot immunity, AC +4
a: Heroism, Renounce Religion


You were in the Dungeon.
You worshipped Okawaru.
Okawaru was aware of your devotion.
You were not hungry.

You visited 1 branch

Inventory:

Hand weapons
 q - a +2 dire flail of protection (weapon)
Armour
 c - a +0 shield
 r - a +0 helmet (worn)
 s - a +1 chain mail (worn)
Jewellery
 b - a +3 ring of dexterity (left hand)
 t - a +3 ring of intelligence (right hand)
Magical devices
 p - a wand of cold (7)
Scrolls
 k - 2 scrolls of blinking
 n - 3 scrolls of remove curse
 o - 2 scrolls of amnesia
Potions
 f - 5 potions of curing
 g - a potion of invisibility
 h - a potion of haste
 i - 4 potions of magic
Comestibles
 e - a bread ration
 l - 2 chunks of flesh


   Skills:
 + Level 7.3(12.3) Fighting
 + Level 5.8(10.8) Maces & Flails
 + Level 8.7(13.7) Armour
 + Level 6.3(11.3) Dodging
 + Level 9.1(14.1) Shields
 + Level 1.3 Invocations


You had 6 spell levels left.
You didn't know any spells.

Dungeon Overview and Level Annotations

Branches:
Dungeon (1/1)

Altars:
Cheibriados
Dithmenos
Elyvilon
Fedhas
Gozag
Kikubaaqudgha
Makhleb
Nemelex Xobeh
Okawaru
Qazlal
Ru
Sif Muna
Trog
Vehumet
Xom
Yredelemnul
Zin
The Shining One
Beogh
Jiyva
Lugonu


Innate Abilities, Weirdness & Mutations

You are resistant to torment.
Your stone body is resilient (AC +4).
You are immune to poison.
You resist negative energy.
You are resistant to electric shocks.
You can survive without breathing.
You are immune to petrification.
You are immune to rotting.


Message History

The tengu warrior hits you with a long sword of slicing.
* * * LOW HITPOINT WARNING * * *
x2 The tengu warrior pecks you.
* * * LOW HITPOINT WARNING * * *
The tengu warrior claws you but does no damage.
You closely miss the tengu warrior.
The tengu warrior is almost dead.
You barely miss the tengu warrior.
The tengu warrior is almost dead.
The tengu warrior hits you with a long sword of slicing.
* * * LOW HITPOINT WARNING * * *
x2 The tengu warrior pecks you but does no damage.
The tengu warrior barely misses you. The tengu warrior blocks your attack.
The tengu warrior is almost dead.
The tengu warrior blocks your attack.
The tengu warrior is almost dead.
The tengu warrior hits you with a long sword of slicing.
* * * LOW HITPOINT WARNING * * *
You die...

▓+▓
▓.▓
▓.▓
▓F▓
▓s▓
▓Q▓
▓@▓
▓)▓
▓.▓
▓.▓
▓.▓
▓.▓
▓.▓
▓.▓
▓)▓


You could see a tengu warrior, a giant frog and a scorpion.

Vanquished Creatures
  A shadow (D)
  A wyvern (D)
  A deep elf mage (D)
  A crimson imp (D)
  A quasit (D)
  An orc wizard (D)
  A shadow imp (D)
  2 bat skeletons (D)
  A giant cockroach (D)
  2 bats (D)
  4 goblins (D)
  A kobold (D)
  2 quokka zombies (D)
19 creatures vanquished.

Notes
Turn   | Place    | Note
--------------------------------------------------------------
     0 | D        | ahoge the Gargoyle Fighter began the quest for the Orb.
     0 | D        | Reached XP level 1. HP: 14/14 MP: 1/1
    85 | D        | Noticed a quasit
    86 | D        | Reached skill level 4 in Armour
   113 | D        | Killed a quasit
   113 | D        | Reached skill level 5 in Shields
   113 | D        | Reached XP level 2. HP: 18/20 MP: 2/2
   113 | D        | Reached XP level 3. HP: 21/24 MP: 3/3
   116 | D        | Reached skill level 5 in Armour
   131 | D        | Found a glowing silver altar of Zin.
   131 | D        | Found a glowing golden altar of the Shining One.
   131 | D        | Found an ancient bone altar of Kikubaaqudgha.
   131 | D        | Found a basalt altar of Yredelemnul.
   131 | D        | Found a shimmering altar of Xom.
   131 | D        | Found a radiant altar of Vehumet.
   132 | D        | Found an iron altar of Okawaru.
   133 | D        | Found a burning altar of Makhleb.
   134 | D        | Found a deep blue altar of Sif Muna.
   135 | D        | Found a bloodstained altar of Trog.
   136 | D        | Found a sparkling altar of Nemelex Xobeh.
   137 | D        | Found a white marble altar of Elyvilon.
   138 | D        | Found a roughly hewn altar of Beogh.
   139 | D        | Found a viscous altar of Jiyva.
   140 | D        | Became a worshipper of Warmaster Okawaru
   141 | D        | Found a corrupted altar of Lugonu.
   142 | D        | Found a blossoming altar of Fedhas.
   143 | D        | Found a snail-covered altar of Cheibriados.
   144 | D        | Found a shadowy altar of Dithmenos.
   145 | D        | Found a stormy altar of Qazlal.
   146 | D        | Found an opulent altar of Gozag.
   147 | D        | Found a sacrificial altar of Ru.
   209 | D        | Noticed an orc wizard
   209 | D        | Noticed a wyvern
   209 | D        | Noticed a crimson imp
   215 | D        | Killed a crimson imp
   215 | D        | Reached skill level 5 in Fighting
   215 | D        | Reached skill level 6 in Shields
   215 | D        | Reached XP level 4. HP: 28/31 MP: 4/4
   230 | D        | Killed a wyvern
   230 | D        | Reached skill level 7 in Armour
   230 | D        | Reached XP level 5. HP: 36/36 MP: 5/5
   230 | D        | Reached XP level 6. HP: 41/41 MP: 6/6
   247 | D        | Killed an orc wizard
   247 | D        | Acquired Okawaru's first power
   247 | D        | Reached skill level 5 in Dodging
   416 | D        | Noticed a tengu warrior
   416 | D        | Noticed a giant frog
   416 | D        | Noticed a scorpion
   416 | D        | Noticed a shadow
   416 | D        | Noticed a deep elf mage
   423 | D        | Killed a deep elf mage
   423 | D        | Reached skill level 5 in Maces & Flails
   423 | D        | Reached skill level 8 in Armour
   431 | D        | Killed a shadow
   431 | D        | Reached skill level 9 in Shields
   431 | D        | Reached skill level 1 in Invocations
   431 | D        | Reached XP level 7. HP: 32/48 MP: 5/7
   450 | D        | HP: 2/48 [tengu warrior/long sword of slicing (1)]
   452 | D        | Slain by a tengu warrior

Vault maps used:
D:        linesprint

Action                   |  1- 3 |  4- 6 |  7- 9 || total
-------------------------+-------+-------+-------++-------
Melee: Flail             |    54 |       |       ||    54
       Dire flail        |     6 |    38 |    19 ||    63
Invok: Heroism           |       |     1 |       ||     1
  Use: Potion            |     1 |     3 |     1 ||     5
